AoeStats
← Thomas

Arena

510463612Analyzed
4v4 RM · 2d ago on Oct 1, 2026· 41m 54s· 8 players
Game mode
Random Map
Map size
Large (8 player)
Population
200
Speed
Normal
Resources
Standard
Victory
Conquest
Starting age
Dark Age
Ending age
Imperial Age
RankedLock teamsTeams togetherTeam positionsShared explorationLock speedFull tech treeHidden civsTurbo modeCheats
Victory
Defeat
🇨🇱 Turks · Chile
1131
+12
🇺🇸 Burgundians · United States
1075
+14
🇲🇽 Muisca · Mexico
1056
+15
🇨🇱 Saxons · Chile
1043
+17
🇺🇸 Ethiopians · United States
1091
-16
🇨🇱 Danes · Chile
1047
-15
🇲🇽 Celts · Mexico
1045
-15
🇨🇳 Mongols · China
981
-12
erik_k900
0:26 Loom
11:11 Feudal Age
13:31 Double-Bit Axe
16:14 Wheelbarrow
18:39 Castle Age
17:02 Horse Collar
17:27 Gold Mining
17:53 Stone Mining
19:31 Forging
19:21 Scale Mail Armor
27:41 Bow Saw
32:21 Imperial Age
32:12 Hand Cart
31:32 Elite Skirmisher
unjugadorx
9:04 Loom
11:14 Feudal Age
12:18 Double-Bit Axe
16:04 Castle Age
14:26 Horse Collar
15:48 Stone Mining
23:19 Fletching
25:58 Bodkin Arrow
31:28 Imperial Age
31:07 Stronghold
31:41 Ballistics
32:56 Forging
33:13 Conscription
34:05 Wheelbarrow
33:17 Double-Bit Axe
33:18 Capped Ram
Lord Boyka
11:24 Feudal Age
16:49 Castle Age
14:48 Double-Bit Axe
15:40 Horse Collar
18:59 Bow Saw
19:53 Wheelbarrow
22:45 Scale Mail Armor
22:55 Forging
24:34 Hand Cart
25:04 Chain Mail Armor
25:24 Iron Casting
25:07 Gambesons
25:23 Squires
25:08 Arson
30:10 Imperial Age
27:55 Hamask
29:13 Caravan
29:54 Gold Mining
29:54 Stone Mining
30:56 Heavy Plow
31:37 Gold Shaft Mining
31:37 Conscription
31:28 Scale Barding Armor
32:13 Plate Mail Armor
32:19 Iron Casting
31:44 Elite Varangian Guard
33:13 Iron Casting
32:26 Elite Varangian Guard
35:12 Blast Furnace
36:43 Fletching
36:41 Town Watch
36:41 Loom
38:36 Bodkin Arrow
812508893
10:29 Feudal Age
11:38 Double-Bit Axe
14:24 Castle Age
12:13 Horse Collar
16:43 Wheelbarrow
16:35 Bow Saw
16:53 Heavy Plow
21:50 Gold Mining
24:11 Hand Cart
24:36 Gold Shaft Mining
24:34 Stone Mining
26:36 Husbandry
26:46 Bloodlines
29:34 Imperial Age
28:10 Stone Shaft Mining
27:56 Loom
27:56 Town Watch
29:18 Fletching
29:39 Forging
29:36 Scale Barding Armor
29:54 Bloodlines
29:44 Husbandry
30:11 Ballistics
30:53 Conscription
31:01 Thumb Ring
30:54 Elite Steppe Lancer
32:50 Iron Casting
32:11 Bodkin Arrow
32:49 Bodkin Arrow
33:57 Parthian Tactics
35:00 Caravan
35:45 Nomads
35:34 Elite Mangudai
37:03 Chain Barding Armor
36:52 Bracer
37:53 Blast Furnace
36:38 Pikeman
37:18 Squires
37:03 Arson
37:21 Squires
39:40 Chemistry
Tachyon
5:09 Loom
9:49 Feudal Age
10:43 Double-Bit Axe
12:12 Bow Saw
11:56 Horse Collar
18:59 Castle Age
17:05 Stone Mining
17:23 Gold Mining
17:51 Heavy Plow
18:56 Gold Shaft Mining
18:59 Stone Shaft Mining
22:49 Fletching
24:01 Two-Man Saw
23:34 Crop Rotation
23:42 Gold Shaft Mining
25:07 Town Watch
26:00 Wheelbarrow
25:40 Burgundian Vineyards
26:48 Husbandry
26:11 Cavalier
28:57 Hand Cart
32:40 Imperial Age
30:58 Masonry
32:00 Husbandry
32:01 Bodkin Arrow
32:12 Scale Barding Armor
32:17 Forging
32:48 Paladin
33:52 Conscription
35:21 Chemistry
34:54 Chain Barding Armor
35:10 Iron Casting
38:06 Plate Barding Armor
39:46 Blast Furnace
39:07 Light Cavalry
40:02 Hussar
42:27 Town Patrol
42:30 Bracer
42:30 Padded Archer Armor
42:34 Caravan
NikoNikoNiiUwUQueen
11:04 Feudal Age
12:39 Forging
12:19 Double-Bit Axe
14:34 Castle Age
12:18 Horse Collar
18:56 Wheelbarrow
18:36 Bow Saw
18:37 Elite Skirmisher
20:53 Fletching
21:39 Hand Cart
22:39 Loom
23:58 Crossbowman
25:04 Heavy Plow
26:00 Thumb Ring
26:03 Loom
26:15 Stone Mining
26:33 Gold Mining
26:46 Padded Archer Armor
27:10 Bodkin Arrow
28:43 Leather Archer Armor
29:54 Gold Shaft Mining
30:02 Stone Shaft Mining
35:11 Imperial Age
32:59 Forging
32:49 Scale Mail Armor
33:27 Herbalism
34:35 Ballistics
33:56 Treadmill Crane
34:27 Masonry
35:19 Arbalester
36:02 Bracer
36:47 Conscription
37:35 Huaracas
36:53 Champi Runner
37:34 Squires
38:27 Chain Mail Armor
38:48 Iron Casting
37:37 Champi Warrior
40:38 Chemistry
Thomas
10:39 Feudal Age
15:22 Castle Age
13:43 Double-Bit Axe
18:48 Squires
21:08 Horse Collar
22:21 Gambesons
22:23 Arson
22:46 Man-at-Arms
25:21 Long Swordsman
26:16 Forging
27:46 Bow Saw
29:07 Wheelbarrow
28:18 Loom
29:22 Heavy Plow
29:44 Scale Mail Armor
33:33 Imperial Age
31:38 Hand Cart
33:14 Iron Casting
33:34 Two-Handed Swordsman
33:35 Elite Varangian Guard
34:39 Conscription
33:48 Capped Ram
34:59 Siege Ram
36:11 Champion
38:56 Shield Wall
41:31 Chain Mail Armor
Kenchard
12:13 Feudal Age
15:47 Castle Age
14:54 Double-Bit Axe
15:26 Stone Mining
15:54 Gold Mining
16:52 Loom
18:19 Bow Saw
18:50 Gold Shaft Mining
19:03 Horse Collar
22:45 Fletching
28:50 Bodkin Arrow
38:40 Imperial Age
35:57 Town Watch
36:48 Wheelbarrow
39:48 Conscription
40:08 Hoardings
38:56 Elite Janissary
Connection lost

Rejoining the realm…

Still unreachable

The connection could not be restored.

Session expired

The server has moved on; the page needs a fresh start.